 Dungeon Crawl Stone Soup version 0.30-a0-883-g5ad918d77d (webtiles) character file.

Game seed: 8788252085148141463

402735 jasper the Severer (level 22, -9/181 (186) HPs)
             Began as a Demonspawn Gladiator on Mar 15, 2023.
             Was a Believer of Uskayaw.
             Mangled by a titan (34 damage)
             ... on level 5 of the Vaults.
             The game lasted 01:45:06 (42034 turns).

jasper the Severer (Demonspawn Gladiator)          Turns: 42034, Time: 01:45:06

HP:   -9/181 (186)  AC: 38    Str: 19    XL:     22   Next: 31%
MP:   14/34         EV: 19    Int: 14    God:    Uskayaw [**....]
Gold: 2416          SH:  0    Dex: 23    Spells: 21/21 levels left

rFire   + . .      SeeInvis +    x - +5 battleaxe (flame)
rCold   + + .      Faith    .    (shield currently unavailable)
rNeg    + . .      Spirit   .    h - +10 storm dragon scales
rPois   +          Reflect  .    V - +2 helmet {Int+3}
rElec   +          Rampage  .    r - scarf {rC+ rF+}
rCorr   .                        (gloves unavailable)
Will    ++...                    W - +2 pair of boots of Defiance {+Inv rC+ Regen+} Stlth
                                 n - amulet of regeneration
HPRegen 2.10/turn                k - ring of willpower
MPRegen 0.24/turn                C - ring of Nobility {rPois rN+ Str+3 SInv}

@: marked, very slightly contaminated, lightly drained, invisible
A: icemail 1, sharp scales 3, condensation shield, demonic magic 2, corrupting
presence 1, demonic touch 3
}: 2/15 runes: barnacled, gossamer
a: Renounce Religion, Evoke Invisibility, Stomp, Line Pass


You were on level 5 of the Vaults.
You worshipped Uskayaw.
Uskayaw was most pleased with you.
You visited 8 branches of the dungeon, and saw 39 of its levels.
You visited 2 bazaars.
You also visited: Sewer, Ice Cave and Desolation.

You collected 6553 gold pieces.
You spent 4137 gold pieces at shops.

Inventory:

Hand Weapons
 x - a +5 battleaxe of flaming (weapon)
 F - a +3 battleaxe of electrocution
 I - a +7 executioner's axe of draining
Missiles
 d - 6 throwing nets
 e - 17 javelins
 g - 193 stones (quivered)
 m - a silver javelin
 P - 8 curare-tipped darts
Armour
 b - the +3 pair of mountain boots {steadfast, rC+}
   (You found it on level 1 of the Vaults)

   Steadfast: It prevents involuntary movement, except for blinking,
   teleportation, or banishment.
   rC:        It protects you from cold.
 c - the +2 pair of gloves "Wobimiw" {Regen+}
   (You found it in the Desolation of Salt)

   Regen:     It increases your rate of health regeneration.
 h - +10 storm dragon scales (worn)
 r - a scarf of resistance (worn)
 V - a +2 helmet of intelligence (worn)
 W - the +2 pair of boots of Defiance (worn) {+Inv rC+ Regen+}
   (You bought it in a shop on level 6 of the Dungeon)

   rC:        It protects you from cold.
   +Inv:      It lets you turn invisible.
   Regen:     It increases your rate of health regeneration.
Jewellery
 k - a ring of willpower (left hand)
 n - an amulet of regeneration (around neck)
 s - the ring of Guamoure {rN+ rCorr}
   (You found it in the Desolation of Salt)

   [ring of positive energy]

   rN:        It protects you from negative energy.
   rCorr:     It protects you from acid and corrosion.
 C - the ring of Nobility (right hand) {rPois rN+ Str+3 SInv}
   (You found it in an ice cave)

   [ring of positive energy]

   Str:       It affects your strength (+3).
   rPois:     It protects you from poison.
   rN:        It protects you from negative energy.
   SInv:      It lets you see invisible.
Wands
 p - a wand of digging (16)
 v - a wand of paralysis (18)
 w - a wand of polymorph (14)
 G - a wand of quicksilver (2)
 J - a wand of iceblast (2)
 S - a wand of flame (12)
Scrolls
 l - 2 scrolls of silence
 o - 5 scrolls of fear
 q - 22 scrolls of identify
 t - a scroll of amnesia
 y - 6 scrolls of immolation
 A - 4 scrolls of summoning
 B - 2 scrolls of magic mapping
 K - 11 scrolls of vulnerability
 M - 6 scrolls of fog
 N - 19 scrolls of teleportation
 Q - 3 scrolls of blinking
 Y - 8 scrolls of poison
Potions
 f - 2 potions of cancellation
 i - 2 potions of resistance
 j - 9 potions of ambrosia
 z - 18 potions of curing
 D - 16 potions of haste
 E - 7 potions of mutation
 L - 5 potions of might
 R - 5 potions of lignification
 T - 7 potions of magic
 U - 2 potions of flight
 Z - 4 potions of invisibility
Miscellaneous
 a - a lightning rod (4/4)
 u - a tin of tremorstones (2/2)
 O - a phantom mirror
 X - a condenser vane


   Skills:
 + Level 18.6 Fighting
 - Level 20.0 Axes
 - Level 1.7 Throwing
 + Level 17.2 Armour
 + Level 17.2 Dodging
 - Level 16.2 Invocations
 - Level 15.0 Evocations


You had 21 spell levels left.
You didn't know any spells.
Your spell library contained the following spells:

 Spells                   Type           Power      Damage    Failure   Level
 Apportation              Tloc           0%         N/A       82%         1
 Beastly Appendage        Tmut           0%         N/A       82%         1
 Kiss of Death            Conj/Necr      0%         2d5       82%         1
 Magic Dart               Conj           0%         1d3       82%         1
 Shock                    Conj/Air       0%         1d3       82%         1
 Slow                     Hex            0%         N/A       82%         1
 Blink                    Tloc           0%         N/A       91%         2
 Call Imp                 Summ           0%         N/A       91%         2
 Cigotuvi's Dreadful Rot  Necr/Pois/Air  0%         N/A       91%         2
 Lesser Beckoning         Tloc           0%         N/A       91%         2
 Momentum Strike          Conj/Tloc      0%         3d8       91%         2
 Poisonous Vapours        Pois/Air       0%         N/A       91%         2
 Scorch                   Fire           0%         2d5       91%         2
 Searing Ray              Conj           0%         2d4       91%         2
 Wereblood                Tmut           0%         N/A       91%         2
 Call Canine Familiar     Summ           0%         N/A       99%         3
 Confusing Touch          Hex            0%         N/A       99%         3
 Frozen Ramparts          Ice            0%         1d1       99%         3
 Inner Flame              Hex/Fire       0%         N/A       99%         3
 Mephitic Cloud           Conj/Pois/Air  0%         N/A       99%         3
 Ozocubu's Armour         Ice            0%         N/A       99%         3
 Portal Projectile        Hex/Tloc       0%         N/A       99%         3
 Spider Form              Tmut/Pois      0%         N/A       99%         3
 Summon Guardian Golem    Hex/Summ       0%         N/A       99%         3
 Swiftness                Air            0%         N/A       99%         3
 Tukima's Dance           Hex            0%         N/A       99%         3
 Vampiric Draining        Necr           0%         2d6       99%         3
 Airstrike                Air            0%         2d(0-16)  100%        4
 Animate Dead             Necr           0%         N/A       100%        4
 Cause Fear               Hex            0%         N/A       100%        4
 Dispel Undead            Necr           0%         3d6       100%        4
 Flame Wave               Conj/Fire      0%         2d4       100%        4
 Fulminant Prism          Conj/Hex       0%         3d5       100%        4
 Leda's Liquefaction      Hex/Erth       0%         N/A       100%        4
 Manifold Assault         Tloc           0%         N/A       100%        4
 Passage of Golubria      Tloc           0%         N/A       100%        4
 Alistair's Intoxication  Tmut/Pois      0%         N/A       100%        5
 Blade Hands              Tmut           0%         N/A       100%        5
 Borgnjor's Vile Clutch   Necr/Erth      0%         N/A       100%        5
 Fireball                 Conj/Fire      0%         3d3       100%        5
 Metabolic Englaciation   Hex/Ice        0%         N/A       100%        5
 Yara's Violent Unravell  Hex/Tmut       0%         3d3       100%        5
 Death Channel            Necr           0%         N/A       100%        6
 Dispersal                Tloc           0%         N/A       100%        6
 Simulacrum               Ice/Necr       0%         N/A       100%        6
 Summon Cactus Giant      Summ           0%         N/A       100%        6
 Enfeeble                 Hex            0%         N/A       100%        7
 Orb of Destruction       Conj           0%         9d5       100%        7
 Ozocubu's Refrigeration  Ice            0%         4d7       100%        7
 Spellforged Servitor     Conj/Summ      0%         N/A       100%        7
 Discord                  Hex            0%         N/A       100%        8
 Disjunction              Tloc           0%         N/A       100%        8
 Infestation              Necr           0%         N/A       100%        8


Dungeon Overview and Level Annotations

Branches:
Dungeon (15/15)            Temple (1/1) D:7            Lair (5/5) D:9
 Shoals (4/4) Lair:2       Spider (4/4) Lair:2        Slime (0/5) Lair:4
    Orc (2/2) D:9             Elf (3/3) Orc:2        Vaults (5/5) D:13
  Crypt (0/3) Vaults:2     Depths (0/4) D:15          Sewer (visited)
  IceCv (visited)         Desolation (visited)

Altars:
Ashenzari
Cheibriados
Dithmenos
Fedhas
Gozag
Hepliaklqana
Kikubaaqudgha
Makhleb
Nemelex Xobeh
Okawaru
Qazlal
Ru
Sif Muna
Trog
Uskayaw
Vehumet
Wu Jian
Xom
Yredelemnul

Shops:
D:3 (   D:6 [   D:7 (   D:9 *   Orc:2 :=:*?   Vaults:2 (   Vaults:4 (((?

Portals:
Trove: D:15 (give 17 potions of curing)

Annotations:
Lair:2 Mlioglotl
Elf:2 5 runed translucent doors


Innate Abilities, Weirdness & Mutations

A meltable icy envelope protects you from harm. (AC +0)
You are completely covered in razor-sharp scales. (AC +3, Slay +3)
A meltable shield of frost defends you. (SH +0)
Spells you cast may paralyse nearby enemies.
Your presence sometimes corrodes those you injure.
Your touch may irresistibly damage your foes and sap their willpower.


Message History

Okay, then.
Aiming: Grand Finale
Press: ? - help, Shift-Dir - straight line, f - titan
Aim: a titan The titan explodes violently!
Something is hit by a flying piece of the titan! x2
You blow up the titan!
An acid dragon and a shadow dragon come into view.
You can no longer merge with and destroy a victim.
The acid dragon changes into a black bear!
The stone giant throws a large rock.
The large rock misses you.
You regained 2 hp, and now have 33/181 hp.
You now have 13/34 mp.
The shadow dragon bites you but does no damage.
The shadow dragon misses you. The shadow dragon closely misses you.
You regained 2 hp, and now have 35/181 hp.
You barely miss the shadow dragon.
The shadow dragon is lightly wounded.
You regained 2 hp, and now have 37/181 hp.
You slice the shadow dragon!! You burn the shadow dragon!
The shadow dragon is moderately wounded.
The black bear changes into a hog!
The stone giant throws a large rock.
The large rock completely misses you. The shadow dragon misses you.
The shadow dragon claws you but does no damage. x2
You slice the shadow dragon!! You burn the shadow dragon!
The shadow dragon is heavily wounded.
You slice the titan!! You burn the titan!
The shadow dragon bites you but does no damage.
The shadow dragon completely misses you.
The shadow dragon misses you. The titan hits you!!
* * * LOW HITPOINT WARNING * * *
You can now pass through a line of other dancers.
You take 24 damage, and have 14/181 hp.
Okay, then.
Unknown command.
You feel better.
The yaktaur captain shoots a bolt.
The bolt hits the stone giant!!
The stone giant dies!
The titan hits you!!
You die...

##......).#.)..##.......
##...)))##[..##..#.....
##...c).##)..##..###....
#.....#.†##.##..# ##...
##..)###C.###... ##....
##(## ##..#......#.....
##)c)###................
#.).†(#.h...............
##....C@D...............
#.....#...#...#...#...#.
....#.###.###.###.###.###
...#### ## #############
.... ............. #....
......)......
.............
...........†.
#############


You could see a shadow dragon, a titan (corroded), a yaktaur captain (unable to
see you) and a hog shaped shifter (unable to see you).

Vanquished Creatures
  An ancient lich (Vaults:4)
  Mara (Vaults:4)
  Sojobo (Vaults:4)
  Boris (twice) (Vaults:2 Vaults:3)
  Xtahua (Vaults:4)
  A golden dragon (Vaults:5)
  Nikola (Shoals:1)
  Arachne (Spider:4)
  Zenata (Elf:3)
  6 tentacled monstrosities
  2 deep elf blademasters (Elf:3)
  4 titans (Vaults:5)
  Asterion (Spider:2)
  A quicksilver dragon (Vaults:5)
  2 deep elf master archers (Elf:3)
  2 sphinxes
  A shadow dragon (Vaults:5)
  2 storm dragons
  3 tengu reavers
  A fenstrider witch (Shoals:2)
  5 fire giants
  3 imperial myrmidons (Desolation)
  3 deep elf sorcerers
  2 frost giants (Vaults:5)
  2 emperor scorpions
  16 vault wardens
  Louise (D:15)
  5 ghost moths
  2 war gargoyles
  15 ironbound preservers
  3 deep elf elementalists (Elf:3)
  8 very ugly things
  3 broodmothers
  3 stone giants
  9 ironbound thunderhulks
  10 dire elephants
  6 deep elf demonologists (Elf:3)
  Azrael (Spider:1)
  A halazid warlock (Desolation)
  6 deep elf annihilators (Elf:3)
  2 spark wasps (Spider:4)
  2 ettins
  3 crystal guardians
  2 fire dragons (D:15)
  A ragged hierophant (Desolation)
  Josephine (Orc:2)
  15 yaktaur captains
  5 deep elf death magi
  3 merfolk javelineers
  5 entropy weavers
  3 merfolk impalers
  2 deep elf high priests
  6 servants of whispers (Desolation)
  35 vault guards
  11 peacekeepers
  5 great orbs of eyes
  3 ogre magi (Vaults:5)
  15 ironbound frosthearts
  2 catoblepae
  5 centaur warriors (Vaults:2)
  3 hydras
  2 jorogumos
  3 merfolk aquamancers (Shoals:4)
  10 two-headed ogres
  3 radroaches
  17 dancing weapons
  4 death knights
  3 merfolk avatars
  A satyr (shapeshifter) (Vaults:5)
  4 death yaks (Lair:5)
  6 boulder beetles
  3 orc high priests
  A deep troll shaman (Vaults:5)
  A deep troll earth mage (Vaults:5)
  A tengu warrior (D:15)
  Urug (Lair:3)
  2 hell knights
  14 deep elf knights
  5 skysharks
  A fire crab (Lair:5)
  5 skeletal warriors
  A death drake (shapeshifter) (Vaults:5)
  A sea snake (shapeshifter) (Vaults:4)
  A shadow wraith (Vaults:5)
  2 goliath frogs (Lair:5)
  7 sea snakes
  10 pharaoh ants
  40 deep trolls
  A glowing orange brain (Vaults:2)
  11 orb spiders
  2 sun moths
  7 wizards
  9 deep elf archers
  5 steelbarb worms
  An orange crystal statue (Vaults:1)
  22 ironbound convokers
  17 lindwurms
  25 harpies
  4 phantasmal warriors
  31 deep elf zephyrmancers
  An orc knight (D:15)
  27 deep elf pyromancers
  2 necromancers
  21 wolf spiders
  9 orc sorcerers
  29 ugly things
  9 manticores
  12 fauns
  6 cyclopes
  4 moths of wrath
  7 black mambas
  8 merfolk sirens
  13 elephants
  25 slime creatures
  13 water nymphs
  A guardian serpent (Desolation)
  An ice statue (IceCv)
  A gargoyle (D:11)
  2 molten gargoyles (Desolation)
  26 cane toads
  4 torpor snails
  17 vault sentinels
  An unseen horror (D:12)
  4 rime drakes
  5 demonic crawlers
  An efreet (D:11)
  Maggie (Lair:2)
  3 anaconda simulacra (IceCv)
  2 kobold demonologists
  A yaktaur (shapeshifter) (Vaults:5)
  12 komodo dragons
  10 ice devils (IceCv)
  5 freezing wraiths
  A tengu conjurer (D:15)
  35 yaktaurs
  12 trolls
  A polar bear (Lair:3)
  25 merfolk
  A tyrant leech (Lair:5)
  A tarantella (shapeshifter) (Vaults:5)
  6 wind drakes
  7 hornets (D:13)
  4 dream sheep (Shoals:4)
  26 tarantellas
  37 blink frogs
  6 snapping turtles
  42 saltlings (Desolation)
  37 jumping spiders
  Sigmund (D:3)
  2 vampires
  16 culicivoras
  A spriggan (shapeshifter) (Vaults:5)
  4 air elementals
  2 wyverns
  2 dire elephant simulacra (IceCv)
  7 water elementals
  13 wraiths
  26 yaks
  5 fire elementals
  A basilisk (D:10)
  Eustachio (D:5)
  38 redbacks
  A redback (shapeshifter) (Vaults:2)
  14 vampire mosquitoes
  3 harpy simulacra (IceCv)
  4 death yak simulacra
  15 water moccasins
  10 wargs
  2 hell hounds (Spider:1)
  2 sky beasts
  17 orc warriors
  A black bear (D:6)
  5 ogres
  6 wolves (Lair:4)
  6 centaurs
  2 phantoms (D:5)
  24 bullfrogs
  3 kobold brigands
  3 earth elementals
  9 scorpions
  A two-headed ogre simulacrum (D:13)
  7 cane toad simulacra
  8 wights
  4 elephant simulacra (IceCv)
  6 killer bees (D:8)
  5 howler monkeys
  7 electric eels
  A crimson imp (D:5)
  3 hounds
  13 orc priests
  6 jellies
  Ijyb (D:3)
  7 hell rats (Lair:3)
  2 sleepcaps
  7 iguanas
  34 orc wizards
  4 polar bear simulacra (IceCv)
  A spriggan simulacrum (D:13)
  3 troll simulacra
  4 wolf simulacra
  Robin (D:3)
  5 gnolls
  19 adders
  4 naga simulacra
  2 shadow imps
  4 white imps
  5 ufetubi
  3 worms
  4 dart slugs
  87 orcs
  16 ball pythons
  2 bats
  16 endoplasms
  9 giant cockroaches
  25 goblins
  9 hobgoblins
  3 jackals (D:2)
  19 kobolds
  9 quokkas
  10 frilled lizards
  6 rats
  14 butterflies (Vaults:1)
1718 creatures vanquished.

Vanquished Creatures (others)
  A tengu reaver (Vaults:5)
  A shadow dragon (Vaults:5)
  A frost giant (Vaults:5)
  2 stone giants (Vaults:5)
  A yaktaur captain (Vaults:5)
  A vault guard (Vaults:5)
  A deep elf knight (Elf:1)
  2 skysharks (Shoals:1)
  3 deep elf zephyrmancers
  A manticore (Shoals:1)
  2 tarantellas
  A centaur (D:12)
  2 orc wizards (Orc:2)
  3 bushes
  41 fungi
  154 plants
217 creatures vanquished.

Grand Total: 1935 creatures vanquished

Notes
Turn   | Place    | Note
-------+----------+-------------------------------------------
     0 | D:1      | jasper the Demonspawn Gladiator began the quest for the
                  | Orb.
     0 | D:1      | Reached XP level 1. HP: 16/16 MP: 1/1
    87 | D:1      | Reached skill level 3 in Axes
   175 | D:1      | Gained mutation: Spells you cast may paralyse adjacent
                  | enemies. [demonic ancestry]
   175 | D:1      | Reached XP level 2. HP: 17/22 MP: 2/2
   936 | D:2      | Gained mutation: You are partially covered in razor-sharp
                  | scales. (AC +1, Slay +1) [demonic ancestry]
   936 | D:2      | Reached XP level 3. HP: 27/27 MP: 3/3
  1104 | D:2      | Reached skill level 4 in Axes
  1244 | D:2      | Reached XP level 4. HP: 34/34 MP: 4/4
  1526 | D:3      | Gained mutation: Your touch may inflict minor irresistible
                  | damage on your foes. [demonic ancestry]
  1526 | D:3      | Reached XP level 5. HP: 8/41 MP: 5/5
  1723 | D:3      | Found Fokhliupe's Antique Weapon Shop.
  1918 | D:3      | Noticed Sigmund
  1921 | D:3      | Killed Sigmund
  1922 | D:3      | Reached skill level 5 in Axes
  1922 | D:3      | Reached skill level 1 in Armour
  1922 | D:3      | Gained mutation: You are mostly covered in razor-sharp
                  | scales. (AC +2, Slay +2) [demonic ancestry]
  1922 | D:3      | Reached XP level 6. HP: 47/47 MP: 6/6
  2088 | D:3      | Noticed Robin
  2095 | D:3      | Killed Robin
  2152 | D:3      | Noticed Ijyb
  2166 | D:3      | Killed Ijyb
  2381 | D:3      | Bought a glowing battleaxe for 256 gold pieces
  2714 | D:4      | Reached skill level 6 in Axes
  2714 | D:4      | Reached XP level 7. HP: 49/54 MP: 7/7
  2958 | D:4      | Found a glowing drain.
  2977 | Sewer    | Entered a sewer
  3465 | D:4      | Identified the +0 robe "Hyhuchy" {Dex+3}
  3704 | D:4      | Found a shimmering altar of Xom.
  3712 | D:4      | Found a blossoming altar of Fedhas.
  3717 | D:4      | Found a hazy altar of Hepliaklqana.
  3724 | D:4      | Found a stormy altar of Qazlal.
  3729 | D:4      | Found a radiant altar of Vehumet.
  3736 | D:4      | Found an opulent altar of Gozag.
  3741 | D:4      | Found a broken altar of Ashenzari.
  3810 | D:5      | Entered Level 5 of the Dungeon
  3947 | D:5      | Reached XP level 8. HP: 59/61 MP: 8/8
  4101 | D:5      | Reached skill level 7 in Axes
  4159 | D:5      | Reached skill level 5 in Fighting
  4234 | D:5      | Noticed Eustachio
  4253 | D:5      | Killed Eustachio
  5228 | D:5      | Found a burning altar of Makhleb.
  5233 | D:5      | Reached skill level 8 in Axes
  5486 | D:6      | Gained mutation: Your touch may inflict irresistible damage
                  | on your foes. [demonic ancestry]
  5486 | D:6      | Reached XP level 9. HP: 69/69 MP: 9/9
  5592 | D:6      | Found Omoruun's Antique Armour Emporium.
  5812 | D:6      | Found a sacrificial altar of Ru.
  5812 | D:6      | Found a sparkling altar of Nemelex Xobeh.
  6217 | D:7      | Reached skill level 5 in Dodging
  6224 | D:7      | Found Botiamey's Antique Weapon Shop.
  6356 | D:7      | Found a staircase to the Ecumenical Temple.
  6373 | Temple   | Entered the Ecumenical Temple
  6406 | Temple   | Became a worshipper of Uskayaw the Reveller
  6609 | D:8      | Reached * piety under Uskayaw
  6696 | D:8      | Reached ** piety under Uskayaw
  6697 | D:8      | Reached skill level 5 in Armour
  6775 | D:8      | Reached skill level 9 in Axes
  6807 | D:8      | Reached *** piety under Uskayaw
  6809 | D:8      | Reached **** piety under Uskayaw
  7135 | D:8      | Reached XP level 10. HP: 71/75 MP: 10/10
  7521 | D:9      | Reached ***** piety under Uskayaw
  7602 | D:9      | Found a staircase to the Orcish Mines.
  7688 | D:9      | Found Mocvoipp's General Store.
  7836 | D:9      | Reached skill level 10 in Axes
  7900 | D:9      | Found a staircase to the Lair.
  8327 | D:9      | Bought a potion of heal wounds for 65 gold pieces
  8443 | D:6      | Bought a pair of slimy boots for 256 gold pieces
  8443 | D:6      | Identified the +2 pair of boots of Defiance {+Inv rC+
                  | Regen+} (You bought it in a shop on level 6 of the Dungeon)
  8576 | D:10     | Entered Level 10 of the Dungeon
  9464 | D:11     | Gained mutation: A meltable shield of frost defends you.
                  | (SH +0) [demonic ancestry]
  9464 | D:11     | Reached XP level 11. HP: 86/86 MP: 11/11
  9582 | D:11     | Noticed a two-headed ogre
  9595 | D:11     | Killed a two-headed ogre
  9614 | D:11     | Reached skill level 11 in Axes
  9897 | D:11     | Noticed a two-headed ogre
  9904 | D:11     | Killed a two-headed ogre
 10064 | D:11     | Noticed a green ugly thing
 10072 | D:11     | Killed a green ugly thing
 10361 | Lair:1   | Entered Level 1 of the Lair of Beasts
 10475 | Lair:1   | Noticed a catoblepas
 10489 | Lair:1   | Killed a catoblepas
 10579 | Lair:1   | Reached ****** piety under Uskayaw
 10585 | Lair:1   | Reached skill level 12 in Axes
 10804 | Lair:1   | Gained mutation: A meltable icy envelope protects you from
                  | harm. (AC +0) [demonic ancestry]
 10804 | Lair:1   | Reached XP level 12. HP: 68/95 MP: 12/12
 10963 | Lair:1   | Found a hide-covered altar of Uskayaw.
 10963 | Lair:1   | Noticed a boulder beetle
 10969 | Lair:1   | a boulder beetle changed into a great orb of eyes
 10969 | Lair:1   | Noticed a great orb of eyes
 10973 | Lair:1   | Killed a great orb of eyes
 11111 | Lair:1   | Found an ornate altar of the Wu Jian Council.
 11947 | Lair:2   | You fall into a shaft and drop 1 floor!
 12295 | Lair:3   | Reached skill level 13 in Axes
 12472 | Lair:3   | Noticed Urug
 12486 | Lair:3   | Killed Urug
 12487 | Lair:3   | Reached skill level 10 in Fighting
 12601 | Lair:3   | Identified the ring "Suku" {Int+6 Dex+3}
 13165 | Lair:4   | Gained mutation: Spells you cast may paralyse nearby
                  | enemies. [demonic ancestry]
 13165 | Lair:4   | Reached XP level 13. HP: 102/104 MP: 5/13
 13436 | Lair:4   | Found a staircase to the Slime Pits.
 13924 | Lair:2   | Noticed Maggie
 13937 | Lair:2   | Killed Maggie
 14054 | Lair:2   | Reached skill level 14 in Axes
 14135 | Lair:2   | Found a hole to the Spider Nest.
 14239 | Lair:2   | Found a staircase to the Shoals.
 14295 | Lair:2   | Identified a scroll of acquirement
 14334 | Lair:2   | Acquired 821 gold pieces
 14557 | Orc:1    | Entered Level 1 of the Orcish Mines
 15051 | Orc:2    | Entered Level 2 of the Orcish Mines
 15060 | Orc:2    | Reached skill level 10 in Dodging
 15133 | Orc:2    | Reached skill level 10 in Armour
 15207 | Orc:2    | Found a staircase to the Elven Halls.
 15251 | Orc:2    | Found Yrennaco's Self-Improvement Boutique.
 15266 | Orc:2    | Noticed Josephine
 15282 | Orc:2    | Killed Josephine
 15423 | Orc:2    | Gained mutation: Your presence sometimes corrodes those you
                  | injure. [demonic ancestry]
 15423 | Orc:2    | Reached XP level 14. HP: 107/111 MP: 14/14
 15478 | Orc:2    | Found Ydghukkasowk's Magic Scroll Emporium.
 15494 | Orc:2    | Found Juraox's General Store.
 15542 | Orc:2    | Found Nyacras's Jewellery Emporium.
 15562 | Orc:2    | Found Deschuf's Book Boutique.
 15572 | Orc:2    | Reached skill level 15 in Axes
 15641 | Orc:2    | Bought a manual of Fighting for 1200 gold pieces
 15671 | Orc:2    | Bought a potion of curing for 36 gold pieces
 15671 | Orc:2    | Bought 5 curare-tipped darts for 72 gold pieces
 15671 | Orc:2    | Bought a potion of heal wounds for 60 gold pieces
 15680 | Orc:2    | Bought a scroll of fear for 64 gold pieces
 15680 | Orc:2    | Bought a scroll of fog for 64 gold pieces
 15680 | Orc:2    | Bought a scroll of teleportation for 48 gold pieces
 15680 | Orc:2    | Bought a scroll of magic mapping for 120 gold pieces
 16846 | D:13     | Found a frozen archway.
 16869 | IceCv    | Entered an ice cave
 17087 | IceCv    | Found an ancient bone altar of Kikubaaqudgha.
 17268 | IceCv    | Identified the ring of Nobility {rPois rN+ Str+3 SInv}
 17569 | D:13     | Found a gate to the Vaults.
 18064 | D:14     | Reached skill level 16 in Axes
 18339 | D:14     | Reached XP level 15. HP: 25/124 MP: 15/15
 18361 | D:15     | Entered Level 15 of the Dungeon
 18667 | D:15     | Noticed Louise
 18873 | D:15     | Killed Louise
 19025 | D:15     | Found a portal to a secret trove of treasure.
 19300 | D:15     | Found a staircase to the Depths.
 19977 | Lair:5   | Entered Level 5 of the Lair of Beasts
 20357 | Lair:5   | Reached skill level 17 in Axes
 21288 | Spider:1 | Entered Level 1 of the Spider Nest
 21456 | Spider:1 | Reached skill level 15 in Fighting
 21665 | Spider:1 | Noticed Mlioglotl
 21710 | Lair:2   | Reached XP level 16. HP: 98/136 MP: 16/16
 21731 | Spider:1 | Noticed a bone dragon
 21844 | Lair:2   | Identified the amulet "Mugeqoen" {Acrobat Str+5}
 21845 | Lair:2   | Identified the +12 whip of Womao {pain, Str+2 Int+3}
 21924 | Shoals:1 | Entered Level 1 of the Shoals
 22014 | Shoals:1 | Noticed Nikola
 22037 | Shoals:1 | Killed Nikola
 22394 | Shoals:1 | Identified the +0 rapier "Cebel" {venom, Str+5 Stlth-}
 22536 | Shoals:1 | Found a gateway to a bazaar.
 22578 | Bazaar   | Entered a bazaar
 22592 | Bazaar   | Found Zamul's General Store.
 22592 | Bazaar   | Found Qymatwie's Weapon Shoppe.
 22630 | Bazaar   | Found Sosoar's Armour Emporium.
 22630 | Bazaar   | Found Wuska's Magic Scroll Shoppe.
 22708 | Bazaar   | Bought a scroll of summoning for 142 gold pieces
 22708 | Bazaar   | Bought a scroll of teleportation for 45 gold pieces
 22708 | Bazaar   | Bought a scroll of blinking for 112 gold pieces
 22708 | Bazaar   | Bought a scroll of vulnerability for 60 gold pieces
 22708 | Bazaar   | Bought a scroll of vulnerability for 60 gold pieces
 22708 | Bazaar   | Bought a scroll of summoning for 142 gold pieces
 22708 | Bazaar   | Bought a scroll of teleportation for 45 gold pieces
 22708 | Bazaar   | Bought a scroll of immolation for 60 gold pieces
 22738 | Bazaar   | Bought a scroll of magic mapping for 135 gold pieces
 22738 | Bazaar   | Bought a potion of mutation for 144 gold pieces
 22738 | Bazaar   | Bought a potion of berserk rage for 90 gold pieces
 22929 | Shoals:2 | Reached skill level 18 in Axes
 23987 | Shoals:3 | Identified the +6 scale mail of Piemus {-Tele rElec Regen+
                  | Dex+2}
 24112 | Shoals:3 | Reached skill level 19 in Axes
 24989 | Spider:1 | Noticed Azrael
 25001 | Spider:1 | Killed Azrael
 25188 | Spider:1 | Reached XP level 17. HP: 53/142 MP: 17/17
 25850 | Spider:2 | Noticed Asterion
 25858 | Spider:2 | Reached skill level 20 in Axes
 25879 | Spider:2 | Killed Asterion
 28506 | Spider:4 | Entered Level 4 of the Spider Nest
 29317 | Spider:4 | Noticed Arachne
 29695 | Spider:4 | Killed Arachne
 29696 | Spider:4 | Reached skill level 15 in Dodging
 29935 | Spider:4 | Got a gossamer rune of Zot
 30405 | Shoals:4 | Entered Level 4 of the Shoals
 30701 | Shoals:4 | Identified the +9 chain mail of Kindness {rF+ Str+5}
 30988 | Shoals:4 | Reached XP level 18. HP: 136/149 MP: 18/18
 31001 | Shoals:4 | Got a barnacled rune of Zot
 31297 | Elf:1    | Entered Level 1 of the Elven Halls
 31355 | Elf:1    | Paralysed by an air elemental for 1 turns
 31604 | Elf:1    | Found a crumbling gateway.
 31612 | Desolati | Entered the Desolation of Salt
 31626 | Desolati | Reached skill level 15 in Armour
 31678 | Desolati | Reached skill level 1 in Invocations
 31680 | Desolati | Reached skill level 1 in Evocations
 32103 | Desolati | Reached skill level 5 in Invocations
 32216 | Desolati | Identified the +7 flail "Mumali" {venom, rC+ Stlth+}
 32332 | Desolati | Got Toenieg's Secrets of Charms and Translocation
 32415 | Desolati | Identified the +7 spear of the Silent Majority {heavy,
                  | +Blink Will+ Str-4 Int+3}
 32416 | Desolati | Identified the +2 pair of gloves "Wobimiw" {Regen+}
 32458 | Desolati | Identified the ring of Guamoure {rN+ rCorr}
 32552 | Desolati | Reached skill level 5 in Evocations
 33519 | Elf:2    | Identified the +7 flail "Sopsoran" {flame, rElec Dex+3}
 33771 | Elf:2    | Found a huge runed translucent gate.
 33771 | Elf:2    | Found a huge runed translucent gate.
 33771 | Elf:2    | Found a huge runed translucent gate.
 33772 | Elf:2    | Found a huge runed translucent gate.
 33774 | Elf:2    | Found a huge runed translucent gate.
 33812 | Elf:3    | Entered Level 3 of the Elven Halls
 33895 | Elf:3    | Noticed Zenata
 33898 | Elf:3    | Reached skill level 10 in Invocations
 33912 | Elf:3    | Killed Zenata
 33915 | Elf:3    | Reached XP level 19. HP: 155/155 MP: 26/26
 34141 | Elf:3    | Acquired 447 gold pieces
 34243 | Elf:3    | Paralysed by an air elemental for 1 turns
 34463 | Elf:3    | Paralysed by an air elemental for 1 turns
 34858 | Elf:3    | Paralysed by an air elemental for 1 turns
 34912 | Elf:3    | Identified the +7 short sword of Karma {antimagic, Will+
                  | Int+3 Stlth-}
 34916 | Elf:3    | Identified the +8 flail of Death's Door {freeze, Will+
                  | Str+2 Int+2}
 34921 | Elf:3    | Found the +8 storm bow {elec, penet}
 34927 | Elf:3    | Reached skill level 15 in Invocations
 34981 | Elf:3    | Got the Volume of Conflagrant Hoarfrost
 35005 | Elf:3    | Identified the +1 robe of Unambiguity {Str+2 Archmagi}
 35040 | Elf:3    | Got Vooklyga's Intricacies of Wizardry
 35405 | Vaults:1 | Entered Level 1 of the Vaults
 35806 | Vaults:1 | Reached skill level 10 in Evocations
 35957 | Vaults:1 | Found a huge runed gate.
 35957 | Vaults:1 | Found a huge runed gate.
 35957 | Vaults:1 | Found a huge runed gate.
 35957 | Vaults:1 | Found a huge runed gate.
 35957 | Vaults:1 | Found a huge runed gate.
 35958 | Vaults:1 | Found a huge runed gate.
 35958 | Vaults:1 | Found a huge runed gate.
 35958 | Vaults:1 | Found a huge runed gate.
 35958 | Vaults:1 | Found a huge runed gate.
 35960 | Vaults:1 | Found a huge runed gate.
 35963 | Vaults:1 | Found a huge runed gate.
 35963 | Vaults:1 | Found a huge runed gate.
 35963 | Vaults:1 | Found a huge runed gate.
 35963 | Vaults:1 | Found a huge runed gate.
 35963 | Vaults:1 | Found a huge runed gate.
 35963 | Vaults:1 | Found a huge runed gate.
 35964 | Vaults:1 | Found a huge runed gate.
 35965 | Vaults:1 | Found a huge runed gate.
 35966 | Vaults:1 | Found a huge runed gate.
 35975 | Vaults:1 | Found a huge runed gate.
 35975 | Vaults:1 | Found a huge runed gate.
 35975 | Vaults:1 | Found a huge runed gate.
 35975 | Vaults:1 | Found a huge runed gate.
 35975 | Vaults:1 | Found a huge runed gate.
 35975 | Vaults:1 | Found a huge runed gate.
 35976 | Vaults:1 | Found a huge runed gate.
 35977 | Vaults:1 | Found a huge runed gate.
 35978 | Vaults:1 | Found a huge runed gate.
 36280 | Vaults:1 | Reached XP level 20. HP: 151/162 MP: 32/32
 36326 | Vaults:1 | Found a transporter.
 36335 | Vaults:1 | Found the +3 pair of mountain boots {steadfast, rC+}
 36336 | Vaults:1 | Found a transporter.
 36784 | Vaults:2 | Noticed Boris
 36789 | Vaults:2 | Killed Boris
 36968 | Vaults:2 | Found Ciwk's Weapon Boutique.
 37934 | Vaults:2 | Reached skill level 15 in Evocations
 38177 | Vaults:2 | Found a staircase to the Crypt.
 38262 | Vaults:3 | Noticed Boris
 38278 | Vaults:3 | Killed Boris
 38804 | Vaults:3 | Gained mutation: You are completely covered in razor-sharp
                  | scales. (AC +3, Slay +3) [demonic ancestry]
 38804 | Vaults:3 | Reached XP level 21. HP: 171/171 MP: 33/33
 39147 | Orc:2    | Bought 3 scrolls of enchant armour for 360 gold pieces
 39788 | Vaults:4 | Found Efouharugg's Antique Weapon Shoppe.
 39858 | Vaults:4 | Identified the +1 shortbow of Incongruity {elec, rPois
                  | SInv}
 39874 | Vaults:4 | Noticed Mara
 39887 | Vaults:4 | Killed Mara
 40023 | Vaults:4 | Found Fesmemog's Weapon Shop.
 40059 | Vaults:4 | Found a gateway to a bazaar.
 40071 | Bazaar   | Entered a bazaar
 40073 | Bazaar   | Found Ereisitop's Book Shoppe.
 40099 | Bazaar   | Found Qumazyn's Assorted Antiques.
 40105 | Bazaar   | Found Pykiq's Armour Shop.
 40111 | Bazaar   | Found Xuliekh's Armour Boutique.
 40138 | Bazaar   | Bought a potion of might for 116 gold pieces
 40154 | Vaults:4 | Found Eghion's Magic Scroll Shop.
 40164 | Vaults:4 | Bought a scroll of immolation for 88 gold pieces
 40164 | Vaults:4 | Bought a scroll of summoning for 209 gold pieces
 40164 | Vaults:4 | Bought a scroll of vulnerability for 88 gold pieces
 40290 | Vaults:4 | Noticed Xtahua
 40311 | Vaults:4 | Killed Xtahua
 40566 | Vaults:4 | Found Cideuc Joirr's Weapon Boutique.
 40706 | Vaults:4 | Identified the +6 battleaxe of Bunaism Azov {holy, +Blink
                  | rPois rC- rCorr}
 40827 | Vaults:4 | Noticed Sojobo
 40843 | Vaults:4 | Killed Sojobo
 41294 | Vaults:5 | Entered Level 5 of the Vaults
 41639 | Vaults:5 | Noticed an ancient lich
 41684 | Vaults:5 | Noticed a golden dragon
 41696 | Vaults:4 | Killed an ancient lich
 41751 | Vaults:5 | Killed a golden dragon
 41764 | Vaults:5 | Gained mutation: Your touch may irresistibly damage your
                  | foes and sap their willpower. [demonic ancestry]
 41764 | Vaults:5 | Reached XP level 22. HP: 131/184 MP: 34/34
 41958 | Vaults:5 | Identified the +5 broad axe of Wu Jian, Feeding {antimagic,
                  | Dex+3}
 41972 | Vaults:5 | Identified the +5 dire flail of Kofihaq {flame, SInv}
 41972 | Vaults:5 | Identified the ring "Osumuet" {Str+3 Int+6}
 42034 | Vaults:5 | Mangled by a titan

Illustrated notes

Levels and vault maps discovered:
D:1:      onia_arrival_handbag, layout_basic
D:2:      layout_rooms, hangedman_decor_growths, st_stairs_3
D:3:      layout_basic, serial_shops, nicolae_shop_overgrown_old_shop,
          uniq_sigmund, uniq_robin, uniq_ijyb
D:4:      layout_cave_pools, grunt_temple_overflow_octagram, tso_oasis_becter,
          gup_sewer_entry_glass
D:5:      minmay_razor_zed, layout_basic, makhleb_grotto_becter, serial_rivers,
          chequers_serial_rivers_micro_c, chequers_serial_rivers_small_a,
          chequers_serial_rivers_micro_a, chequers_serial_rivers_small_a,
          minmay_fountain_box, kennysheep_generic_room_5, uniq_eustachio
D:6:      layout_rooms, gammafunk_temple_overflow_wave, serial_shops,
          nicolae_shop_behind_doors
D:7:      layout_rooms, minmay_temple_entry_proselytizer, serial_shops,
          nicolae_diamond_shop, kb_lookout_dungeons_type, minivault_23
D:8:      layout_cave_pods
D:9:      layout_long_grid, david_lair_shrubbed, erik_orc_2, serial_shops,
          nicolae_inconvenience_store
D:10:     layout_cave_pods, minmay_lizard_king
D:11:     layout_basic
D:12:     layout_layer_cave, grunt_ministairs_14, minivault_25
D:13:     layout_basic, david_vaults_1, portal_ice_cave_entry_ice_simulacra,
          dreamdust_wasp_nest
D:14:     layout_basic
D:15:     grunt_enter_depths_hoard, layout_stronghold, serial_glass,
          glass_columns_a, glass_columns_b, item_on_display_b,
          minmay_strange_pillars, enter_trove_5, uniq_louise
Temple:   chequers_temple_sunken
Lair:1:   layout_layer_cave, nzn_masters_of_martial_movement,
          serial_bayou_shore_a, infiniplex_staircase_pool_2
Lair:2:   layout_gridlike, nicolae_shoals_entry_roost,
          nicolae_spider_entry_lesser_pyramids, chequers_serial_rivers_micro_e,
          minmay_lindwurm_lava, uniq_maggie
Lair:3:   layout_regular_city, serial_bayou, serial_bayou_crossing,
          serial_bayou_shore_b, serial_bayou_pond_b, serial_bayou_pond_d,
          uniq_urug
Lair:4:   layout_misc_corridors, nicolae_slime_entry_slimehenge,
          nicolae_quartered_pool_super, cheibrodos_lair_reptile_den,
          grunt_megastairs_2
Lair:5:   minmay_lair_end_frog_pond, layout_regular_city, st_stairs_8,
          minivault_19, chequers_serial_rivers_room_a
Shoals:1: layout_shoals, serial_shops, bzr_entry_islet, uniq_nikola
Shoals:2: layout_shoals, nicolae_shoals_beach_house_on_fowls_legs
Shoals:3: layout_shoals, nicolae_shoals_lost_giant_hut
Shoals:4: shoals_end_simple, layout_shoals
Spider:1: cheibrodos_spider_silkery, uniq_azrael, uniq_mlioglotl
Spider:2: layout_spider_delve, uniq_asterion
Spider:3: layout_spider_delve, hellmonk_spider_spawner
Spider:4: grunt_spider_rune_parallel, nicolae_spider_nook, uniq_arachne
Orc:1:    layout_diamond_mine, basic_altar
Orc:2:    st_orc_town, layout_caves, nicolae_shop_self_help, uniq_josephine
Elf:1:    elf_arrival_001, layout_geoelf_grid, portal_desolation_entry_ruin,
          kennysheep_underground_church
Elf:2:    elven_hall_of_blades_hangedman_alternative
          [nicolae_blade_entry_hurt_lockers], layout_geoelf_octagon,
          minmay_misc_feat_diagonals
Elf:3:    grunt_elf_hall_asides, layout_loops_cross, uniq_zenata
Vaults:1: v_rooms_3, vaults_room_grid, hangedman_vaults_snaps, v_misc_10,
          nicolae_vaults_what_the_h, vaults_dpeg_hooks, gammafunk_sealed_arena,
          not_door_vault_mu, vaults_mumra_hexcomb, vaults_standard_mumra_lines,
          ontoclasm_vaults_shuriken, layout_vaults_omnicross
Vaults:2: hangedman_vaults_capsules, hangedman_vaults_corner_blocks, v_misc_32,
          v_rooms_5, vaults_dpeg_cross, nicolae_vaults_hallways_thing,
          nicolae_vaults_big_ls, hangedman_vaults_nails, v_pattern_5,
          blue_anna_dwarven_crypt, layout_vaults_ring, serial_shops, shop,
          uniq_boris
Vaults:3: st_squares, ontoclasm_vaults_misaligned, vaults_mumra_lcd,
          hangedman_vaults_locks, layout_vaults_big_room
Vaults:4: grunt_vaults_bifocal, grunt_vaults_trifunnel, nicolae_vaults_theta,
          vaults_dpeg_encased_lava, hangedman_vaults_stagger,
          nicolae_vaults_network_periphery, nicolae_vaults_mini_display_case,
          layout_vaults_quadrants, serial_shops, freezing_bzr, shop_fountains,
          nicolae_shop_statue_plus, nicolae_shop_statue_plus,
          nicolae_shop_statue_plus, uniq_margery, uniq_mara, uniq_xtahua,
          uniq_sojobo
Vaults:5

Skill      XL: |  1  2  3  4  5  6  7  8  9 10 11 12 13 14 15 16 17 18 19 20 21 22 |
---------------+-------------------------------------------------------------------+-----
Axes           | 3 4 5 6 8 9 10 12 13 14 16 17 19 20 | 20.0
Fighting       | 3 4 5 6 8 9 10 11 13 15 16 18 | 18.6
Armour         | 1 2 3 4 5 6 7 9 10 11 12 14 15 16 17 | 17.2
Dodging        | 3 4 5 6 8 9 10 11 12 15 16 17 | 17.2
Invocations    | 10 16 | 16.2
Evocations     | 7 10 15 | 15.0
Throwing       | |  1.7

Action                     |  1- 3 |  4- 6 |  7- 9 | 10-12 | 13-15 | 16-18 | 19-21 | 22-24 || total
---------------------------+-------+-------+-------+-------+-------+-------+-------+-------++-------
  Melee: War axe           |    76 |    65 |       |       |       |       |       |       ||   141
         Hand axe          |    23 |       |       |       |       |       |       |       ||    23
         Punch             |       |     2 |       |       |       |       |       |       ||     2
         Touch             |       |     4 |       |       |     6 |       |       |       ||    10
         Battleaxe         |       |    17 |   344 |   432 |  1040 |  1339 |   979 |    93 ||  4244
         Unarmed           |       |     8 |       |       |       |       |       |       ||     8
         Flail             |       |       |       |       |    11 |       |       |       ||    11
  Throw: Stone             |       |       |     5 |    46 |     7 |    39 |    30 |     3 ||   130
         Dart              |       |       |     4 |       |       |       |       |       ||     4
 Invoke: Grand Finale      |       |       |       |     1 |     2 |       |     3 |     3 ||     9
         Stomp             |       |       |       |       |     1 |     5 |       |     3 ||     9
Ability: Evoke Invisibilit |       |       |       |       |       |       |       |     1 ||     1
  Evoke: Wand              |       |       |       |    44 |     7 |    35 |       |       ||    86
         Lightning rod     |       |       |       |     4 |     5 |    15 |       |       ||    24
         Condenser vane    |       |       |       |       |       |     5 |     3 |     1 ||     9
         Tin of tremorston |       |       |       |       |       |     4 |     4 |       ||     8
    Use: Scroll            |     6 |     1 |    10 |    10 |     9 |    15 |    13 |       ||    64
         Potion            |       |     1 |       |     1 |     2 |    13 |     2 |     1 ||    20
   Stab: Sleeping          |     1 |     1 |       |       |       |       |       |       ||     2
         Paralysed         |       |       |     6 |    26 |   112 |   142 |   232 |    10 ||   528
         Petrified         |       |       |       |       |     3 |       |       |       ||     3
         Petrifying        |       |       |       |       |     1 |       |       |       ||     1
         Distracted        |       |       |       |       |     1 |       |       |       ||     1
         Confused          |       |       |       |       |       |     2 |       |       ||     2
         Held in net/web   |       |       |       |       |       |     1 |       |       ||     1
         Invisible         |       |       |       |       |       |       |       |     2 ||     2
 Armour: Leather armour    |    40 |    11 |       |       |       |       |       |       ||    51
         Scale mail        |       |    16 |   246 |   245 |    35 |       |       |       ||   542
         Ring mail         |       |     1 |       |       |       |       |       |       ||     1
         Skin              |       |     1 |       |       |       |       |       |       ||     1
         Swamp dragon scal |       |       |       |       |   517 |   421 |       |       ||   938
         Chain mail        |       |       |       |       |       |   198 |   327 |       ||   525
         Storm dragon scal |       |       |       |       |       |       |   219 |    69 ||   288
  Dodge: Dodged            |    75 |    41 |   230 |   302 |   976 |  1081 |   545 |   101 ||  3351
  Block: Other             |       |       |       |    65 |   186 |   172 |   112 |     6 ||   541

Table legend: (Time is in decaauts)
 A = Elapsed time spent in this place.
 B = Non-inter-level travel time spent in this place.
 C = Inter-level travel time spent in this place.
 D = Time resting spent in this place.
 E = Time spent auto-exploring this place.
 F = Levels seen in this place.
 G = Mean time per level.
                   A        B        C        D        E       F      G
               +--------+--------+--------+--------+--------+-----+--------+
         Total |  41932 |  38144 |   3788 |   4035 |  23174 |  44 |  953.0 |
       Dungeon |  14230 |  12686 |   1544 |   1096 |   8467 |  15 |  948.7 |
        Temple |     60 |     33 |     27 |      0 |     25 |   1 |   60.0 |
          Lair |   6012 |   5506 |    506 |    499 |   3611 |   5 | 1202.4 |
        Shoals |   3605 |   3211 |    394 |    318 |   1897 |   4 |  901.2 |
   Spider Nest |   5652 |   5235 |    417 |   1223 |   2777 |   4 | 1413.0 |
  Orcish Mines |   1455 |   1127 |    328 |      0 |    812 |   2 |  727.5 |
   Elven Halls |   2751 |   2506 |    245 |    214 |   1345 |   3 |  917.0 |
        Vaults |   5864 |   5540 |    324 |    487 |   3410 |   5 | 1172.8 |
        Bazaar |    296 |    296 |      0 |      0 |    110 |   2 |  148.0 |
         Sewer |    430 |    430 |      0 |      0 |    190 |   1 |  430.0 |
      Ice Cave |    589 |    589 |      0 |     23 |    320 |   1 |  589.0 |
    Desolation |    982 |    982 |      0 |    173 |    208 |   1 |  982.0 |
               +--------+--------+--------+--------+--------+-----+--------+

Top non-repeatable levels by time:
  Lair:1: 1666 daAuts
     D:5: 1656 daAuts
Spider:3: 1651 daAuts
Spider:4: 1582 daAuts
Vaults:4: 1573 daAuts
     D:9: 1510 daAuts
Spider:2: 1481 daAuts
Vaults:2: 1428 daAuts
Vaults:1: 1389 daAuts
  Lair:3: 1286 daAuts
     D:3: 1260 daAuts
    D:15: 1185 daAuts
  Lair:5: 1139 daAuts
   Elf:3: 1134 daAuts
  Lair:2: 1060 daAuts
